 Dungeon Crawl Stone Soup version 0.30.0-10-gfe55d96785 (webtiles) character file.

Game seed: 2048715727671999354

155 Pooter the Shooter (level 5, -8/46 HPs)
             Began as a Minotaur Hunter on May 15, 2023.
             Killed from afar by Ijyb (11 damage)
             ... with a puff of flame
             ... on level 3 of the Dungeon.
             The game lasted 00:10:34 (1949 turns).

Pooter the Shooter (Minotaur Hunter)                Turns: 1949, Time: 00:10:35

Health: -8/46      AC: 10    Str: 16    XL:     5   Next: 14%
Magic:  4/4        EV: 10    Int:  6    God:
Gold:   138        SH:  0    Dex: 15    Spells: 4/4 levels left

rFire   . . .        a - +0 whip
rCold   . . .        (no shield)
rNeg    . . .        n - +1 scale mail
rPois   +            (helmet restricted)
rElec   .            (no cloak)
rCorr   .            q - +2 pair of gloves
SInv    .            (no boots)
Will    .....        (no amulet) Stlth
                     P - ring of poison resistance
HPRegen 0.27/turn    (no ring)
MPRegen 0.09/turn

%: no passive effects
@: no status effects
A: horns 2, retaliatory headbutt
a: no special abilities


You were on level 3 of the Dungeon.
You visited 1 branch of the dungeon, and saw 3 of its levels.

You collected 138 gold pieces.

Inventory:

Hand Weapons
 a - a +0 whip (weapon)
   (You found it on level 1 of the Dungeon)
 b - a +0 shortbow
 e - a +0 club
   (You took it off a goblin on level 1 of the Dungeon)
Missiles
 f - 4 boomerangs (quivered)
 Q - 43 stones
Armour
 n - a +1 scale mail (worn)
   (You found it on level 2 of the Dungeon)
 q - a +2 pair of gloves (worn)
   (You found it on level 3 of the Dungeon)
Jewellery
 P - a ring of poison resistance (left hand)
   (You found it on level 2 of the Dungeon)
Scrolls
 d - 2 scrolls of immolation {!r}
 h - a scroll of fear
 j - a scroll of vulnerability {!r}
 o - 2 scrolls of magic mapping {unknown}
 t - 2 scrolls of teleportation {@r4}
Potions
 c - 2 potions of curing {unknown}
 g - a potion of lignification {!q}
 k - a potion of flight
 l - 3 potions of heal wounds {@q2}
 m - a potion of might {unknown}


   Skills:
 + Level 4.1 Fighting
 * Level 6.3 Ranged Weapons
 - Level 2.1 Dodging
 - Level 0.7 Stealth


You had 4 spell levels left.
You didn't know any spells.
Your spell library was empty.

Dungeon Overview and Level Annotations

Branches:
Dungeon (3/15)

Altars:

Annotations:
D:3 Ijyb, Robin


Innate Abilities, Weirdness & Mutations

You have a pair of horns on your head.
You reflexively headbutt those who attack you in melee.


Message History

You hear a shout! x2
You throw a boomerang. The goblin shouts!
The boomerang hits the hobgoblin.
Robin roars a battlecry!
The goblins go into a battle-frenzy!
A goblin comes into view. It is wielding a +0 club. x2
You throw a boomerang. The goblin shouts!
The boomerang hits the hobgoblin.
You kill the hobgoblin!
You throw a boomerang.
The boomerang hits the goblin but does no damage.
Ijyb the Twisted Goblin comes into view.
She is wielding a +0 club and carrying a wand of flame (19).
You throw a boomerang.
Ijyb shouts!
The boomerang hits the goblin.
You kill the goblin!
Ijyb moves out of view.
You throw a boomerang. The boomerang hits the goblin.
You kill the goblin!
You throw a boomerang. The boomerang hits Robin.
Robin throws Ijyb at you!
Ijyb zaps a wand.
The puff of flame misses you.
Okay, then.
You barely miss Ijyb. Ijyb hits you with a +0 club!
You hit Ijyb but do no damage. Your headbutt misses Ijyb.
Ijyb hits you with a +0 club.
You hit Ijyb.
Ijyb zaps a wand.
The puff of flame hits you!
You hit Ijyb. Ijyb hits you with a +0 club!
* * * LOW HITPOINT WARNING * * *
Ijyb zaps a wand.
The puff of flame hits you!
* * * LOW HITPOINT WARNING * * *
You hit Ijyb. Ijyb hits you with a +0 club.
* * * LOW HITPOINT WARNING * * *
Unknown command.
You hit Ijyb but do no damage. Ijyb misses you. You furiously retaliate!
You headbutt Ijyb.
Unknown command.
You barely miss Ijyb. Ijyb hits you with a +0 club.
* * * LOW HITPOINT WARNING * * *
You closely miss Ijyb. You headbutt Ijyb, but do no damage.
The hobgoblin no longer looks unusually strong.
The goblin no longer looks unusually strong.
Ijyb zaps a wand.
The puff of flame hits you!
You die...

#.### .. # #.....# .#.
.## .#.###..# ## ## #
#.# #..###### #.####.#
#........
...#.####.#######
#######.#...##.#######
...)......#...........
######.#.#.##.#######
#gg@......##...
#g###.#.######.# .)
#.#.# .# ..† #.#.# #
... #.#.# .. #.#.# .
#.# ..


You could see Ijyb (strong), a hobgoblin and a goblin.

Vanquished Creatures
  Natasha (thrice) (D:3)
  2 adders (D:2)
  A worm (D:3)
  4 ball pythons
  7 bats
  9 endoplasms
  2 giant cockroaches
  6 goblins
  9 hobgoblins
  3 jackals (D:1)
  3 kobolds
  A quokka (D:1)
  5 rats
55 creatures vanquished.

Notes
Turn   | Place    | Note
-------+----------+-------------------------------------------
     0 | D:1      | Pooter the Minotaur Hunter began the quest for the Orb.
     0 | D:1      | Reached XP level 1. HP: 18/18 MP: 0/0
   164 | D:1      | Reached XP level 2. HP: 25/25 MP: 1/1
   253 | D:1      | Reached skill level 5 in Ranged Weapons
   353 | D:1      | Reached XP level 3. HP: 31/31 MP: 2/2
  1327 | D:2      | Reached XP level 4. HP: 38/38 MP: 3/3
  1602 | D:3      | Noticed Natasha
  1609 | D:3      | Killed Natasha
  1695 | D:3      | Noticed Natasha
  1702 | D:3      | Killed Natasha
  1703 | D:3      | Reached skill level 6 in Ranged Weapons
  1901 | D:3      | Noticed Natasha
  1908 | D:3      | Killed Natasha
  1909 | D:3      | Reached XP level 5. HP: 44/46 MP: 4/4
  1935 | D:3      | Noticed Robin
  1939 | D:3      | Noticed Ijyb
  1949 | D:3      | Killed from afar by Ijyb

Illustrated notes

Levels and vault maps discovered:
D:1:      dpeg_arrival_three_same_balls, layout_basic
D:2:      layout_loops_cross, minmay_pentomino_t4
D:3:      layout_loops_ring, nicolae_goblin_pals, uniq_natasha

Skill      XL: |  1  2  3  4 |
---------------+-------------+-----
Ranged Weapons | 5 6 |  6.3
Fighting       | 3 4 |  4.1
Dodging        | |  2.1
Stealth        | |  0.7

Action                     |  1- 3 |  4- 6 || total
---------------------------+-------+-------++-------
  Melee: Club              |     1 |       ||     1
         Whip              |    14 |    18 ||    32
         Headbutt          |     3 |     3 ||     6
   Fire: Shortbow          |    85 |    22 ||   107
  Throw: Boomerang         |       |     6 ||     6
    Use: Scroll            |     4 |     4 ||     8
 Armour: Leather armour    |     9 |       ||     9
         Ring mail         |    13 |       ||    13
         Scale mail        |       |     6 ||     6
  Dodge: Dodged            |    34 |     8 ||    42
